 Dungeon Sprint DCSS version 0.23.2-1-ga50397a6bc (webtiles) character file.

Game seed: 3914446413715971820

980 Kobolds4U the Carver (level 7, -3/73 HPs)
             Began as a Minotaur Berserker on May 21, 2019.
             Was a Priest of Trog.
             Slain by a sixfirhy (10 damage)
             ... summoned by a kobold demonologist
             ... in the Dungeon (Sprint I: "Red Sonja").
             The game lasted 00:01:13 (699 turns).

Kobolds4U the Carver (Minotaur Berserker)            Turns: 699, Time: 00:01:14

Health: -3/73      AC:  3    Str: 21    XL:     7   Next: 96%
Magic:  6/6        EV: 17    Int:  4    God:    Trog [***...]
Gold:   437        SH:  0    Dex: 12    Spells: 6/6 levels left

rFire    . . .     SeeInvis .   a - +0 falchion
rCold    . . .     Gourm    .   (no shield)
rNeg     . . .     Faith    .   k - +0 leather armour
rPois    .         Spirit   .   (helmet restricted)
rElec    .         Reflect  .   (no cloak)
rCorr    .         Harm     .   (no gloves)
MR       .....     NoTele   +   (no boots)
Stlth    +.........             (no amulet)
HPRegen  0.22/turn              (no ring)
MPRegen  0.10/turn              (no ring)

@: no status effects
A: retaliatory headbutt, horns 2
a: Berserk, Trog's Hand, Renounce Religion


You were in the Dungeon.
You worshipped Trog.
Trog was most pleased with you.
You were not hungry.

You visited 1 branch You collected 437 gold pieces.

Inventory:

Hand Weapons
 a - a +0 falchion (weapon)
Armour
 k - a +0 leather armour (worn)
Scrolls
 i - a scroll of blinking
Potions
 d - a potion of curing
 e - a potion of heal wounds
 f - a potion of haste
 g - 2 potions of magic
 h - a potion of berserk rage
Comestibles
 b - 6 chunks of flesh
 c - a ration


   Skills:
 + Level 10.9 Fighting
 * Level 14.4 Long Blades
 - Level 2.4 Armour
 + Level 9.8 Dodging


You had 6 spell levels left.
You didn't know any spells.
Your spell library was empty.

Dungeon Overview and Level Annotations

Branches:
Dungeon (1/1)

Altars:
Cheibriados
Dithmenos
Elyvilon
Fedhas
Gozag
Hepliaklqana
Kikubaaqudgha
Makhleb
Nemelex Xobeh
Okawaru
Qazlal
Ru
Sif Muna
Trog
Uskayaw
Vehumet
Wu Jian
Xom
Yredelemnul
Zin
The Shining One
Jiyva
Lugonu

Shops:
D ?


Innate Abilities, Weirdness & Mutations

You reflexively headbutt those who attack you in melee.
You have a pair of horns on your head.


Message History

The ice devil closely misses you.
You riposte.
You hit the ice devil but do no damage.
The ice devil is severely wounded.
You hit the kobold demonologist.
The kobold demonologist is almost dead.
The ice devil disappears in a puff of smoke!
The sixfirhy closely misses you.
You riposte.
You hit the sixfirhy but do no damage.
The kobold demonologist hits you but does no damage.
You barely miss the kobold demonologist.
Your headbutt misses the kobold demonologist.
The kobold demonologist is almost dead.
The sixfirhy barely misses you. You furiously retaliate!
You headbutt the sixfirhy.
You riposte.
You miss the sixfirhy. Your headbutt misses the sixfirhy.
The sixfirhy is lightly wounded.
The sixfirhy barely misses you. The sixfirhy hits you!
* * * LOW HITPOINT WARNING * * *
The sixfirhy shocks you!
You die...

#####################
[)..#..'..#__#.§@34.#
.#..').#..'..'..#K5.#
###'#####'#__####55.+
##..#...#.#### ####
_####..##)#
____##'#_.+
.∩..÷'..._#
..__##_.#'#
____###+#.#


You could see a hellwing, a kobold demonologist, a sixfirhy, a crimson imp, a
white imp and an ufetubus.

Vanquished Creatures
  A kobold demonologist (D)
  A slime creature (D)
  A yak (D)
  Sigmund (D)
  A floating eye (D)
  An ogre (D)
  A jelly (D)
  Ijyb (D)
8 creatures vanquished.

Notes
Turn   | Place    | Note
-------+----------+-------------------------------------------
     0 | D        | Kobolds4U the Minotaur Berserker began the quest for the
                  | Orb.
     0 | D        | Reached XP level 1. HP: 19/19 MP: 0/0
     1 | D        | Noticed Ijyb
    13 | D        | Killed Ijyb
    13 | D        | Reached skill level 6 in Long Blades
    13 | D        | Reached XP level 2. HP: 5/28 MP: 1/1
   262 | D        | Noticed an ogre
   266 | D        | Killed an ogre
   266 | D        | Reached skill level 8 in Long Blades
   266 | D        | Reached skill level 5 in Dodging
   266 | D        | Reached XP level 3. HP: 16/38 MP: 2/2
   266 | D        | Reached XP level 4. HP: 20/45 MP: 3/3
   434 | D        | Noticed Sigmund
   439 | D        | Killed Sigmund
   439 | D        | Reached ** piety under Trog
   439 | D        | Reached skill level 11 in Long Blades
   439 | D        | Reached XP level 5. HP: 52/53 MP: 4/4
   452 | D        | Found an ornate altar of the Wu Jian Council.
   452 | D        | Found a deep blue altar of Sif Muna.
   454 | D        | Found a radiant altar of Vehumet.
   457 | D        | Reached XP level 6. HP: 55/62 MP: 5/5
   489 | D        | Found Tixavito's Magic Scroll Emporium.
   489 | D        | Found an ancient bone altar of Kikubaaqudgha.
   489 | D        | Found a hazy altar of Hepliaklqana.
   489 | D        | Found a hide-covered altar of Uskayaw.
   489 | D        | Found a basalt altar of Yredelemnul.
   489 | D        | Found an opulent altar of Gozag.
   489 | D        | Found a snail-covered altar of Cheibriados.
   489 | D        | Found a sacrificial altar of Ru.
   489 | D        | Found a shadowy altar of Dithmenos.
   489 | D        | Noticed a yak
   490 | D        | Found a stormy altar of Qazlal.
   490 | D        | Found a blossoming altar of Fedhas.
   490 | D        | Found a bloodstained altar of Trog.
   490 | D        | Found an iron altar of Okawaru.
   490 | D        | Found a glowing golden altar of the Shining One.
   490 | D        | Found a glowing silver altar of Zin.
   490 | D        | Found a white marble altar of Elyvilon.
   500 | D        | Killed a yak
   500 | D        | Reached skill level 12 in Long Blades
   501 | D        | Found a sparkling altar of Nemelex Xobeh.
   632 | D        | Found a viscous altar of Jiyva.
   632 | D        | Found a corrupted altar of Lugonu.
   632 | D        | Noticed a slime creature
   633 | D        | Found a burning altar of Makhleb.
   633 | D        | Found a shimmering altar of Xom.
   638 | D        | Killed a slime creature
   638 | D        | Reached *** piety under Trog
   638 | D        | Reached skill level 10 in Fighting
   638 | D        | Reached skill level 13 in Long Blades
   638 | D        | Reached XP level 7. HP: 66/72 MP: 6/6
   673 | D        | Noticed a kobold demonologist
   673 | D        | Noticed a kobold demonologist
   674 | D        | Paralysed by a floating eye for 2 turns
   679 | D        | Noticed an ice devil
   683 | D        | Noticed a chaos spawn
   686 | D        | Killed a kobold demonologist
   686 | D        | Reached skill level 14 in Long Blades
   689 | D        | Noticed a hellwing
   696 | D        | Noticed a sixfirhy
   699 | D        | Slain by a sixfirhy

Skill      XL: |  1  2  3  4  5  6  7 |
---------------+----------------------+-----
Fighting       | 4 6 8 10 | 10.9
Long Blades    | 6 8 11 13 14 | 14.4
Dodging        | 3 5 7 8 9 |  9.8
Armour         | |  2.4

Action                   |  1- 3 |  4- 6 |  7- 9 || total
-------------------------+-------+-------+-------++-------
Melee: Falchion          |    14 |    21 |    24 ||    59
       Headbutt          |     2 |     9 |     6 ||    17
Armor: Leather armour    |       |     1 |     2 ||     3
Dodge: Dodged            |     8 |    12 |    18 ||    38
       Rpst.: Falchion   |       |     7 |     9 ||    16
